 Dungeon Crawl Stone Soup version 0.21.0-30-g47ce8e4 (webtiles) character file.

151 sanboga the Chopper (level 5, -5/47 HPs)
             Began as a Hill Orc Berserker on Jan 28, 2018.
             Was a Believer of Trog.
             Killed by divine providence
             ... invoked by an orc priest
              (13 damage)
             ... on level 3 of the Dungeon.
             The game lasted 00:04:35 (2845 turns).

sanboga the Chopper (Hill Orc Berserker)            Turns: 2845, Time: 00:04:36

Health: -5/47      AC: 10    Str: 21    XL:     5   Next: 33%
Magic:  5/5        EV:  8    Int:  7    God:    Trog [**....]
Gold:   170        SH:  0    Dex: 10    Spells: 4/4 levels left

rFire    . . .     SeeInvis .   a - +1 hand axe
rCold    . . .     Gourm    .   (no shield)
rNeg     . . .     Faith    .   f - +0 chain mail
rPois    .         Spirit   .   (no helmet)
rElec    .         Reflect  .   (no cloak)
rCorr    .         Harm     .   (no gloves)
MR       .....                  d - +0 pair of boots
Stlth    ..........             (no amulet)
HPRegen  0.15/turn              (no ring)
MPRegen  0.09/turn              (no ring)

@: berserk cooldown, slowed, very slow
A: no striking features
a: Berserk, Trog's Hand, Burn Spellbooks, Renounce Religion, Convert to Beogh


You were on level 3 of the Dungeon.
You worshipped Trog.
Trog was pleased with you.
You were very hungry.

You visited 1 branch of the dungeon, and saw 3 of its levels.

You collected 170 gold pieces.

Inventory:

Hand Weapons
 a - a +1 hand axe (weapon)
Armour
 d - a +0 pair of boots (worn)
 f - a +0 chain mail (worn)
Jewellery
 k - an uncursed ring of ice {unknown}
 m - an uncursed amulet of guardian spirit {unknown}
Scrolls
 j - 3 scrolls of remove curse
 l - a scroll of teleportation
Potions
 b - a potion of might
 e - a potion of magic {unknown}
 g - a potion of degeneration {unknown}
 h - 2 potions of agility
Comestibles
 c - 6 rations
 i - 3 chunks of flesh


   Skills:
 + Level 4.6 Fighting
 * Level 6.0 Axes
 + Level 3.4 Armour
 - Level 1.7 Dodging


You had 4 spell levels left.
You didn't know any spells.

Dungeon Overview and Level Annotations

Branches:
Dungeon (3/15)

Altars:
Zin

Annotations:
D:3 bumaa's ghost, amateur GnWn


Message History

The orc priest shouts, "Join the one true god or die!"
The orc wizard casts a spell.
The orc wizard blinks!
Bumaa's ghost closely misses you.
The orc priest mumbles some strange prayers to Beogh against you.
Beogh smites you!
Bumaa's ghost hits you but does no damage.
You hit bumaa's ghost but do no damage.
Bumaa's ghost is heavily damaged.
The orc priest looks braver for a moment.
Bumaa's ghost hits you.
* * * LOW HITPOINT WARNING * * *
You miss bumaa's ghost.
Bumaa's ghost is heavily damaged.
Bumaa's ghost hits you.
* * * LOW HITPOINT WARNING * * *
The orc wizard casts a spell.
The orc wizard blinks!
The orc priest invokes the aid of Beogh against you.
Beogh smites you!
You die...

######..... ≈≈≈≈...
#..... ..≈...o
############.....
.......
#.........###..##
...⌠.). #.....[...# #..#
..§.. #.........###..#
### ... #........÷÷..#.#
.....#b##...[..).(...#.#
......oW@.............>#
'#####.##............###
#. #............# #.
##########...# #. #...#
#. #...# #. ##### #.


You could see an orc priest, bumaa's ghost and a bat.

Vanquished Creatures
  A scorpion (D:2)
  An orc wizard (D:3)
  An adder (D:2)
  2 worms (D:2)
  3 dart slugs
  7 orcs (D:3)
  A ball python (D:1)
  3 giant cockroaches
  5 goblins
  5 hobgoblins
  2 quokkas (D:3)
  10 bats
  A frilled lizard (D:2)
  6 kobolds
  4 rats
52 creatures vanquished.

Notes
Turn   | Place    | Note
-------+----------+-------------------------------------------
     0 | D:1      | sanboga the Hill Orc Berserker began the quest for the Orb.
     0 | D:1      | Reached XP level 1. HP: 19/19 MP: 1/1
   603 | D:1      | Reached XP level 2. HP: 21/27 MP: 2/2
  1228 | D:2      | Reached XP level 3. HP: 33/33 MP: 3/3
  1671 | D:2      | Found a glowing silver altar of Zin.
  1681 | D:2      | Reached skill level 5 in Axes
  1682 | D:2      | Noticed a scorpion
  1695 | D:2      | Killed a scorpion
  1695 | D:2      | Reached XP level 4. HP: 20/41 MP: 4/4
  2479 | D:3      | Reached ** piety under Trog
  2479 | D:3      | Reached XP level 5. HP: 16/47 MP: 5/5
  2495 | D:3      | Reached skill level 6 in Axes
  2819 | D:3      | Noticed bumaa's ghost (amateur GnWn)
  2845 | D:3      | Killed from afar by an orc priest

Skill      XL: |  1  2  3  4  5 |
---------------+----------------+-----
Fighting       | 4 |  4.6
Axes           | 5 6 |  6.0
Armour         | 3 |  3.4
Dodging        | |  1.7

Action                   |  1- 3 |  4- 6 || total
-------------------------+-------+-------++-------
Melee: Hand axe          |   112 |    88 ||   200
Invok: Berserk           |     1 |     1 ||     2
  Use: Scroll            |     4 |     4 ||     8
       Potion            |       |     1 ||     1
  Eat: Chunk             |     3 |     4 ||     7
Armor: Animal skin       |     4 |       ||     4
       Chain mail        |    52 |    41 ||    93
Dodge: Dodged            |    47 |    25 ||    72
